 Dungeon Crawl Stone Soup version 0.30.0-29-ga12c61a403 (webtiles) character file.

Game seed: 2104429472928395593

2070 H0rd4k the Cutter (level 9, -14/68 HPs)
             Began as a Human Artificer on June 19, 2023.
             Was an Initiate of Gozag.
             Demolished by a gargoyle
             ... wielding a +1 heavy morningstar
              (20 damage)
             ... on level 8 of the Dungeon.
             The game lasted 00:10:26 (7901 turns).

H0rd4k the Cutter (Human Artificer)                 Turns: 7901, Time: 00:10:27

Health: -14/68     AC:  4    Str: 16    XL:     9   Next: 50%
Magic:  18/18      EV: 13    Int: 11    God:    Gozag
Gold:   693        SH:  0    Dex: 14    Spells: 8/8 levels left

rFire   + . .        i - +5 dagger
rCold   x . .        (no shield)
rNeg    + . .        e - +0 leather armour of Hopscotch {rPois rN+ MP+9}
rPois   +            (no helmet)
rElec   .            (no cloak)
rCorr   .            o - +0 pair of gloves
SInv    .            (no boots)
Will    +....        (no amulet)
Stlth   ++           l - ring "Agypyth" {Fire Will+ Str+3 Int-4}
HPRegen 0.31/turn    (no ring)
MPRegen 0.16/turn

%: no passive effects
@: no status effects
A: no striking features
a: Renounce Religion, Potion Petition, Call Merchant, Bribe Branch


You were on level 8 of the Dungeon.
You worshipped Gozag.
Gozag was pleased with you.
You visited 2 branches of the dungeon, and saw 9 of its levels.
You also visited: Sewer.

You collected 766 gold pieces.
You paid 73 gold pieces to Gozag.

Inventory:

Hand Weapons
 a - a +0 club
 i - a +5 dagger (weapon)
 v - a +0 short sword of draining
 D - a +0 dagger of venom
Missiles
 r - 9 poisoned darts (quivered)
Armour
 e - the +0 leather armour of Hopscotch (worn) {rPois rN+ MP+9}
   (You found it on level 4 of the Dungeon)

   rPois:     It protects you from poison.
   rN:        It protects you from negative energy.
   MP:        It affects your magic capacity (+9).
 o - a +0 pair of gloves (worn)
Jewellery
 l - the ring "Agypyth" (left hand) {Fire Will+ Str+3 Int-4}
   (You found it on level 6 of the Dungeon)

   [ring of fire]

   It enhances your fire magic.
   Str:       It affects your strength (+3).
   Int:       It affects your intelligence (-4).
   rF:        It protects you from fire.
   rC:        It makes you vulnerable to cold.
   Will:      It increases your willpower.
 B - a ring of fire
Wands
 c - a wand of flame (1)
 d - a wand of charming (1)
 t - a wand of polymorph (5)
Scrolls
 f - a scroll of fear
 g - 2 scrolls of vulnerability
 q - a scroll of summoning
 u - 6 scrolls of teleportation
 x - 2 scrolls of poison {unknown}
 y - 3 scrolls of enchant armour
 z - 3 scrolls of magic mapping
 C - 3 scrolls of identify
Potions
 b - a potion of might {unknown}
 h - 4 potions of resistance
 j - 2 potions of lignification
 k - a potion of mutation {unknown}
 m - 3 potions of heal wounds
 n - 4 potions of curing
 p - 3 potions of flight
 s - 3 potions of brilliance
 w - a potion of magic {unknown}
 A - 3 potions of haste {unknown}


   Skills:
 + Level 5.3 Fighting
 + Level 7.4 Short Blades
 + Level 2.5 Throwing
 - Level 2.0 Armour
 + Level 4.2 Dodging
 + Level 3.6 Stealth
 + Level 5.2 Evocations


You had 8 spell levels left.
You didn't know any spells.
Your spell library contained the following spells:

 Spells                   Type           Power      Damage    Failure   Level
 Sandblast                Erth           0%         2d4       41%         1
 Lesser Beckoning         Tloc           0%         N/A       54%         2
 Passwall                 Tmut/Erth      0%         N/A       54%         2
 Gell's Gravitas          Tloc           0%         N/A       78%         3
 Stone Arrow              Conj/Erth      0%         3d7       78%         3
 Teleport Other           Tloc           0%         N/A       78%         3
 Tukima's Dance           Hex            0%         N/A       78%         3
 Passage of Golubria      Tloc           0%         N/A       99%         4
 Yara's Violent Unravell  Hex/Tmut       0%         3d3       100%        5


Dungeon Overview and Level Annotations

Branches:
Dungeon (8/15)             Temple (1/1) D:5           Sewer (visited)
   Lair: D:8-11

Altars:
Cheibriados
Gozag
Wu Jian

Shops:
D:4 (   D:5 =*[[   D:6 [([(

Annotations:
D:7 exclusion: downstairs


Message History

Press: ? - help, Shift-Dir - straight line, f - gargoyle
Aim: a gargoyle, wielding a +1 heavy morningstar (chance to affect: 45%)
The gargoyle resists with some effort.
The gargoyle hurls a stone arrow at you.
The stone arrow hits you!
Unknown command.
Aiming: Charm
Press: ? - help, Shift-Dir - straight line, f/p - gargoyle
Aim: a gargoyle, wielding a +1 heavy morningstar (chance to affect: 45%)
The gargoyle resists with some effort.
Aiming: Charm
Press: ? - help, Shift-Dir - straight line, f/p - gargoyle
Aim: a gargoyle, wielding a +1 heavy morningstar (chance to affect: 45%)
The gargoyle resists with some effort.
The gargoyle hits you with a +1 heavy morningstar!!
Unknown command.
Aiming: Charm
Press: ? - help, Shift-Dir - straight line, f/p - gargoyle
Aim: a gargoyle, wielding a +1 heavy morningstar (chance to affect: 45%)
The gargoyle resists with some effort.
The gargoyle misses you.
Unknown command.
Aiming: Charm
Press: ? - help, Shift-Dir - straight line, f/p - gargoyle
Aim: a gargoyle, wielding a +1 heavy morningstar (chance to affect: 45%)
The gargoyle resists with some effort.
Unknown command.
Aiming: Charm
Press: ? - help, Shift-Dir - straight line, f/p - gargoyle
Aim: a gargoyle, wielding a +1 heavy morningstar (chance to affect: 45%)
The gargoyle resists with some effort.
The gargoyle hits you with a +1 heavy morningstar!!
* * * LOW HITPOINT WARNING * * *
Unknown command.
Aiming: Charm
Press: ? - help, Shift-Dir - straight line, f/p - gargoyle
Aim: a gargoyle, wielding a +1 heavy morningstar (chance to affect: 45%)
The gargoyle resists with some effort.
The gargoyle hits you with a +1 heavy morningstar!!
You die...
Your body crumbles into a pile of gold.

....
##.#####.>#.....#
#.. #...........#
#
#..#..........##
..##.#...#.#....#
.........#.##...#
........#########
..........#
.....##.### .###.
#@.# $ . #9.# #
...# ....# ......
........
.........
.......##..


You could see a gargoyle.

Vanquished Creatures
  Sigmund (D:3)
  A water moccasin (Sewer)
  2 sky beasts
  An ice beast (D:5)
  An ogre (D:5)
  3 centaurs
  A kobold brigand (D:6)
  2 bullfrogs (D:7)
  2 scorpions
  2 wights (D:6)
  2 killer bees (D:6)
  5 hounds
  Jessica (D:3)
  2 iguanas (D:5)
  3 sleepcaps
  2 orc wizards (D:7)
  3 gnolls (D:4)
  3 adders
  2 worms
  A dart slug (D:2)
  14 orcs
  5 ball pythons
  4 endoplasms
  5 giant cockroaches
  10 goblins
  7 hobgoblins
  5 jackals
  2 quokkas
  7 bats
  3 frilled lizards
  9 kobolds
  11 rats
122 creatures vanquished.

Vanquished Creatures (collateral kills)
  A scorpion (D:5)
  A wight (D:6)
  A killer bee (D:6)
  3 gnolls (D:7)
6 creatures vanquished.

Vanquished Creatures (others)
  A wight (D:6)
  A killer bee (D:6)
  A jelly (D:6)
  2 orc wizards
  A gnoll (D:4)
  An adder (D:6)
7 creatures vanquished.

Grand Total: 135 creatures vanquished

Notes
Turn   | Place    | Note
-------+----------+-------------------------------------------
     0 | D:1      | H0rd4k the Human Artificer began the quest for the Orb.
     0 | D:1      | Reached XP level 1. HP: 15/15 MP: 1/1
   235 | D:1      | Reached XP level 2. HP: 21/21 MP: 2/2
   947 | D:2      | Found an ornate altar of the Wu Jian Council.
  1012 | D:2      | Reached XP level 3. HP: 26/26 MP: 3/3
  1142 | D:2      | Reached skill level 1 in Short Blades
  1323 | D:2      | Reached XP level 4. HP: 32/32 MP: 4/4
  1941 | D:3      | Noticed Jessica
  1949 | D:3      | Killed Jessica
  1950 | D:3      | Reached skill level 2 in Short Blades
  2090 | D:3      | Reached XP level 5. HP: 28/38 MP: 5/5
  2210 | D:3      | Noticed Sigmund
  2213 | D:3      | Killed Sigmund
  2214 | D:3      | Reached skill level 3 in Short Blades
  2214 | D:3      | Reached XP level 6. HP: 39/46 MP: 6/6
  2542 | D:4      | Identified the +0 leather armour of Hopscotch {rPois rN+
                  | MP+9}
  2614 | D:4      | Reached skill level 4 in Short Blades
  2959 | D:4      | Reached XP level 7. HP: 46/52 MP: 7/7
  3203 | D:4      | Found a snail-covered altar of Cheibriados.
  3475 | D:4      | Found Siyh's Antique Weapon Emporium.
  3622 | D:5      | Entered Level 5 of the Dungeon
  3679 | D:5      | Found a staircase to the Ecumenical Temple.
  3739 | D:5      | Reached skill level 5 in Short Blades
  3756 | Temple   | Entered the Ecumenical Temple
  3771 | Temple   | Became a worshipper of Gozag Ym Sagoz the Greedy
  3848 | D:5      | Found Dutiyn's Antique Armour Shoppe.
  3849 | D:5      | Found Bamiroz's Jewellery Shoppe.
  3881 | D:5      | Found a glowing drain.
  3885 | Sewer    | Entered a sewer
  3959 | Sewer    | Noticed a water moccasin
  3977 | Sewer    | Killed a water moccasin
  3978 | Sewer    | Reached XP level 8. HP: 42/60 MP: 8/8
  4125 | D:5      | Found Wipnip's Assorted Antiques.
  4126 | D:5      | Found Fuwkakox's Armour Shoppe.
  4451 | D:5      | Reached skill level 6 in Short Blades
  5315 | D:6      | Found Xoac's Weapon Shop.
  5318 | D:6      | Identified the ring "Agypyth" {Fire Will+ Str+3 Int-4}
  5458 | D:6      | Reached skill level 1 in Throwing
  5697 | D:6      | Found Giuwor's Weapon Shop.
  5778 | D:6      | Found Seitosh's Armour Shoppe.
  5939 | D:6      | Reached XP level 9. HP: 35/66 MP: 9/9
  6301 | D:6      | Found Ecyrurch's Armour Shoppe.
  6687 | D:7      | Reached skill level 7 in Short Blades
  6714 | D:7      | Reached skill level 5 in Evocations
  6732 | D:7      | Reached skill level 5 in Fighting
  7893 | D:8      | Noticed a gargoyle
  7901 | D:8      | Demolished by a gargoyle

Illustrated notes

Levels and vault maps discovered:
D:1:      dpeg_arrival_rooms_c, layout_basic, serial_bayou_crossing
D:2:      layout_loops_ring, basic_altar, serial_bayou, serial_bayou_pond_e,
          serial_bayou_pond_b, serial_bayou_pond_e, serial_bayou_pond_d
D:3:      layout_basic, minmay_goblin_outpost, uniq_jessica, uniq_sigmund
D:4:      layout_cave_pods, mainiacjoe_overflow_small_starburst, serial_shops,
          nicolae_shop_real_fake_doors
D:5:      layout_loops_ring, minmay_temple_entry_arrows, gup_sewer_entry_bowl,
          minmay_shop_grid_forest, minmay_misc_feat_roman
D:6:      layout_loops_ring, serial_shops, shop, nicolae_shop_tiny_waterfront,
          shop, nicolae_square_shop, lemuel_flamethrower_2
D:7:      layout_loops_ring
D:8:      layout_cave_pools, hangedman_ru_absence, ebering_ghost_rock_garden,
          hangedman_decor_push, nicolae_concentric_dashed_squares_mild
Temple:   nicolae_temple_slightly_damp_pantheon

Skill      XL: |  1  2  3  4  5  6  7  8  9 |
---------------+----------------------------+-----
Short Blades   | 1 2 3 4 5 6 7 |  7.4
Fighting       | 2 3 4 5 |  5.3
Dodging        | 2 3 4 |  4.2
Evocations     | 4 5 |  5.2
Stealth        | 3 |  3.6
Throwing       | 1 2 |  2.5
Armour         | |  2.0

Action                     |  1- 3 |  4- 6 |  7- 9 || total
---------------------------+-------+-------+-------++-------
  Melee: Dagger            |    94 |   124 |   345 ||   563
         Club              |    10 |       |       ||    10
         Punch             |     1 |       |     8 ||     9
  Throw: Dart              |       |       |    23 ||    23
  Evoke: Wand              |       |     7 |    26 ||    33
    Use: Scroll            |       |       |    14 ||    14
         Potion            |       |       |     1 ||     1
   Stab: Sleeping          |     1 |       |     2 ||     3
         Distracted        |       |       |     1 ||     1
 Armour: Leather armour    |    19 |       |    62 ||    81
         Chain mail        |    24 |    80 |     8 ||   112
  Dodge: Dodged            |    45 |    35 |   147 ||   227
